TOP OF THE 1ST |
Canton Indians batting - Pitching for Chester Pirates : RHP Andy Pemberton
|
Pitching: RHP Andy Pemberton
|
|
Batting: RHB Cruz Castro
|
0-0: Ball 1-0: Ball 2-0: Reached on error, E6 (Groundball, 6, EV 88.8 MPH)
|
Batting: LHB Jason Kessler
|
0-0: Foul Ball, location: 2F 0-1: Foul Ball, location: 2F 0-2: Ball 1-2: Fly out, F6 (Popup, 6, EV 72.5 MPH)
|
Batting: RHB Rob Marti
|
0-0: Ball 1-0: Called Strike 1-1: Foul Ball, location: 2F 1-2: Ball 2-2: SINGLE (Groundball, 56D, EV 104.4 MPH) Cruz Castro to second
|
Batting: SHB Bob Ledlow
|
0-0: Called Strike 0-1: Ball 1-1: Swinging Strike 1-2: Foul Ball, location: 2F 1-2: Foul Ball, location: 2F 1-2: Foul Ball, location: 2F 1-2: DOUBLE (Line Drive, 78D, EV 112.5 MPH) Cruz Castro scores Rob Marti to third Runner from 3rd tries for Home, throw by CF and OUT! 8-6-2 Bob Ledlow to third
|
Batting: LHB Mike Humfleet
|
0-0: Called Strike 0-1: Swinging Strike 0-2: Ball 1-2: Strikes out swinging
|
Top of the 1st over - 1 run, 2 hits, 1 error, 1 left on base; Canton 1 - Chester 0 |
BOTTOM OF THE 1ST |
Chester Pirates batting - Pitching for Canton Indians : RHP Ian McLeod
|
Pitching: RHP Ian McLeod
|
|
Batting: RHB Mike Weeks
|
0-0: Called Strike 0-1: Ball 1-1: Called Strike 1-2: Foul Ball, location: 2F 1-2: Ball 2-2: Ball 3-2: Foul Ball, location: 2F 3-2: Strikes out swinging
|
Batting: RHB Edwardo Tanchez
|
0-0: Called Strike 0-1: Foul Ball, location: 2F 0-2: Ball 1-2: Foul Ball, location: 2F 1-2: Ball 2-2: Fly out, F7 (Flyball, 7LSF, EV 87.5 MPH)
|
Batting: RHB Zach Chmieleski
|
0-0: Called Strike 0-1: Swinging Strike 0-2: Foul Ball, location: 2F 0-2: Foul Ball, location: 2F 0-2: Foul Ball, location: 2F 0-2: Ball 1-2: Foul Ball, location: 2F 1-2: Ball 2-2: Fly out, F9 (Flyball, 9LSF, EV 74.4 MPH)
|
Bottom of the 1st over - 0 runs, 0 hits, 0 errors, 0 left on base; Canton 1 - Chester 0 |
TOP OF THE 2ND |
Canton Indians batting - Pitching for Chester Pirates : RHP Andy Pemberton
|
Batting: RHB Pat Brandt
|
0-0: SINGLE (Groundball, 56S, EV 63.1 MPH) (infield hit)
|
Batting: RHB Josh Carini
|
0-0: Swinging Strike 0-1: Ball 1-1: Fly out, F7 (Flyball, 7LM, EV 80.0 MPH)
|
Batting: RHB Ryan Paquette
|
0-0: Ball Pickoff Throw to First - Out! 1-3 CS 1-0: Fly out, F4 (Flyball, 4D, EV 88.8 MPH)
|
Top of the 2nd over - 0 runs, 1 hit, 0 errors, 0 left on base; Canton 1 - Chester 0 |
BOTTOM OF THE 2ND |
Chester Pirates batting - Pitching for Canton Indians : RHP Ian McLeod
|
Batting: SHB Mike Corley
|
0-0: Ball 1-0: Foul Ball, location: 2F 1-1: Fly out, F8 (Flyball, 89M, EV 83.8 MPH)
|
Batting: RHB Hugo Montemayor
|
0-0: Ball 1-0: Ball 2-0: Ball 3-0: Called Strike 3-1: Swinging Strike 3-2: Ground out 3-1 (Groundball, 34, EV 86.2 MPH)
|
Batting: LHB Tommie Benefield
|
0-0: Ball 1-0: Ball 2-0: Ball 3-0: Base on Balls
|
Batting: LHB Sean Driscoll
|
0-0: Called Strike 0-1: Ball 1-1: DOUBLE (Line Drive, 5D, EV 102.5 MPH) Tommie Benefield to third
|
Batting: RHB Joe Stepnowski
|
0-0: Ball 1-0: Ball 2-0: Ball 3-0: Called Strike 3-1: Foul Ball, location: 2F 3-2: Base on Balls
|
Batting: RHB Zachery Loomis
|
0-0: Foul Ball, location: 2F 0-1: Ball 1-1: Foul Ball, location: 2F 1-2: Fly out, F6 (Popup, 4M, EV 58.8 MPH)
|
Bottom of the 2nd over - 0 runs, 1 hit, 0 errors, 3 left on base; Canton 1 - Chester 0 |
TOP OF THE 3RD |
Canton Indians batting - Pitching for Chester Pirates : RHP Andy Pemberton
|
Batting: SHB Jose Abreu
|
0-0: Called Strike 0-1: Swinging Strike 0-2: Ball 1-2: Ball 2-2: Strikes out swinging
|
Batting: RHB Cruz Castro
|
0-0: Ball 1-0: Ball 2-0: Ball 3-0: Base on Balls
|
Batting: LHB Jason Kessler
|
0-0: Foul Ball, location: 2F 0-1: Ball 1-1: Ball 2-1: Ball 3-1: Base on Balls Cruz Castro to second
|
Batting: RHB Rob Marti
|
0-0: Fly out, F4 (Flyball, 4MD, EV 94.4 MPH)
|
Batting: SHB Bob Ledlow
|
0-0: Ball 1-0: Ball 2-0: Called Strike 2-1: Ground out 4-3 (Groundball, 4D, EV 86.2 MPH)
|
Top of the 3rd over - 0 runs, 0 hits, 0 errors, 2 left on base; Canton 1 - Chester 0 |
BOTTOM OF THE 3RD |
Chester Pirates batting - Pitching for Canton Indians : RHP Ian McLeod
|
Batting: RHB Mike Weeks
|
0-0: Fly out, F4 (Line Drive, 4, EV 72.5 MPH)
|
Batting: RHB Edwardo Tanchez
|
0-0: SOLO HOME RUN (Flyball, 9LD, EV 94.4 MPH), Distance : 340 ft
|
Batting: RHB Zach Chmieleski
|
0-0: Ball 1-0: Foul Ball, location: 2F 1-1: Called Strike 1-2: Ball 2-2: Foul Ball, location: 2F 2-2: Foul Ball, location: 2F 2-2: Ball 3-2: Ground out 6-3 (Groundball, 6, EV 108.8 MPH)
|
Batting: SHB Mike Corley
|
0-0: Called Strike 0-1: Swinging Strike 0-2: Foul Ball, location: 2F 0-2: Foul Ball, location: 2F 0-2: Foul Ball, location: 2F 0-2: Ball 1-2: Ball 2-2: Ball 3-2: Fly out, F7 (Line Drive, 7S, EV 95.6 MPH)
|
Bottom of the 3rd over - 1 run, 1 hit, 0 errors, 0 left on base; Canton 1 - Chester 1 |
TOP OF THE 4TH |
Canton Indians batting - Pitching for Chester Pirates : RHP Andy Pemberton
|
Batting: LHB Mike Humfleet
|
0-0: Reached on error, E7 (Flyball, 78M, EV 77.5 MPH)
|
Batting: RHB Pat Brandt
|
Pickoff Throw to First - Out! 1-3 0-0: Foul Ball, location: 2F 0-1: Swinging Strike 0-2: Ball 1-2: Fly out, F7 (Flyball, 7D, EV 98.1 MPH)
|
Batting: RHB Josh Carini
|
0-0: Ball 1-0: Swinging Strike 1-1: Foul Ball, location: 2F 1-2: Strikes out looking
|
Top of the 4th over - 0 runs, 0 hits, 1 error, 0 left on base; Canton 1 - Chester 1 |
BOTTOM OF THE 4TH |
Chester Pirates batting - Pitching for Canton Indians : RHP Ian McLeod
|
Batting: RHB Hugo Montemayor
|
0-0: Foul Ball, location: 2F 0-1: Foul Ball, location: 2F 0-2: SINGLE (Line Drive, 8LS, EV 102.5 MPH)
|
Batting: LHB Tommie Benefield
|
0-0: Foul Ball, location: 2F 0-1: Foul Ball, location: 2F 0-2: Foul Ball, location: 2F 0-2: Strikes out swinging
|
Batting: LHB Sean Driscoll
|
0-0: Swinging Strike 0-1: Ball 1-1: Ball 2-1: Grounds into double play, 6-4-3 (Groundball, 6, EV 102.5 MPH)
|
Bottom of the 4th over - 0 runs, 1 hit, 0 errors, 0 left on base; Canton 1 - Chester 1 |
TOP OF THE 5TH |
Canton Indians batting - Pitching for Chester Pirates : RHP Andy Pemberton
|
Batting: RHB Ryan Paquette
|
0-0: Called Strike 0-1: Called Strike 0-2: Ball 1-2: Foul Ball, location: 2F 1-2: Ball 2-2: Foul Ball, location: 2F 2-2: SINGLE (Groundball, 6MD, EV 95.0 MPH)
|
Batting: SHB Jose Abreu
|
0-0: Called Strike Ryan Paquette is caught stealing 2nd base 2-6 0-1: SINGLE (Groundball, 6S, EV 68.8 MPH) (infield hit)
|
Batting: RHB Cruz Castro
|
0-0: Ball Jose Abreu is caught stealing 2nd base 2-4 1-0: Ball 2-0: Reached on error, E5 (Groundball, 56, EV 88.8 MPH)
|
Batting: LHB Jason Kessler
|
0-0: Ball 1-0: Ground out U3 (Groundball, 3, EV 100.0 MPH)
|
Top of the 5th over - 0 runs, 2 hits, 1 error, 1 left on base; Canton 1 - Chester 1 |
BOTTOM OF THE 5TH |
Chester Pirates batting - Pitching for Canton Indians : RHP Ian McLeod
|
Batting: RHB Joe Stepnowski
|
0-0: Swinging Strike 0-1: Ball 1-1: Called Strike 1-2: Ball 2-2: Foul Ball, location: 2F 2-2: Strikes out looking
|
Batting: RHB Zachery Loomis
|
0-0: Ball 1-0: Ball 2-0: Swinging Strike 2-1: Swinging Strike 2-2: Strikes out swinging, 2-3 out at first.
|
Batting: RHB Mike Weeks
|
0-0: Foul Ball, location: 2F 0-1: Swinging Strike 0-2: Ball 1-2: Strikes out swinging
|
Bottom of the 5th over - 0 runs, 0 hits, 0 errors, 0 left on base; Canton 1 - Chester 1 |
TOP OF THE 6TH |
Canton Indians batting - Pitching for Chester Pirates : RHP Andy Pemberton
|
Batting: RHB Rob Marti
|
0-0: Called Strike 0-1: Foul Ball, location: 2F 0-2: Foul Ball, location: 2F 0-2: Fly out, F9 (Flyball, 9LM, EV 96.9 MPH)
|
Pitching: RHP Dustin Hamblin
|
|
Batting: SHB Bob Ledlow
|
0-0: Called Strike 0-1: Called Strike 0-2: Strikes out looking
|
Batting: LHB Mike Humfleet
|
0-0: Swinging Strike 0-1: Ball 1-1: Foul Ball, location: 2F 1-2: Strikes out swinging
|
Top of the 6th over - 0 runs, 0 hits, 0 errors, 0 left on base; Canton 1 - Chester 1 |
BOTTOM OF THE 6TH |
Chester Pirates batting - Pitching for Canton Indians : RHP Ian McLeod
|
Batting: RHB Edwardo Tanchez
|
0-0: Ball 1-0: Called Strike 1-1: Foul Ball, location: 2F 1-2: Ball 2-2: Ball 3-2: Fly out, F9 (Flyball, 89S, EV 91.2 MPH)
|
Batting: RHB Zach Chmieleski
|
0-0: Called Strike 0-1: Ball 1-1: SOLO HOME RUN (Flyball, 89XD, EV 113.8 MPH), Distance : 438 ft
|
Batting: SHB Mike Corley
|
0-0: Ball 1-0: DOUBLE (Line Drive, 89D, EV 104.4 MPH)
|
Batting: RHB Hugo Montemayor
|
0-0: Called Strike 0-1: Ball 1-1: Fly out, F9 (Flyball, 9, EV 90.6 MPH)
|
Pitching: RHP Kris Kringle
|
|
Batting: LHB Tommie Benefield
|
0-0: Ball 1-0: Foul Ball, location: 2F 1-1: Ball 2-1: Foul Ball, location: 2F 2-2: Ball 3-2: Foul Ball, location: 2F 3-2: Foul Ball, location: 2F 3-2: Foul Ball, location: 2F 3-2: Strikes out looking
|
Bottom of the 6th over - 1 run, 2 hits, 0 errors, 1 left on base; Canton 1 - Chester 2 |
TOP OF THE 7TH |
Canton Indians batting - Pitching for Chester Pirates : RHP Dustin Hamblin
|
Batting: RHB Pat Brandt
|
0-0: Ball 1-0: Ball 2-0: Called Strike 2-1: Ball 3-1: Base on Balls
|
Pinch Hitting: SHB Brad Larabel
|
0-0: Ball 1-0: Called Strike 1-1: Ball 2-1: Called Strike 2-2: Ball 3-2: Strikes out swinging
|
Pitching: RHP Bill Gomez
|
|
Batting: RHB Ryan Paquette
|
0-0: Ball 1-0: Ball 2-0: Called Strike Pat Brandt steals 2nd base 2-1: Foul Ball, location: 2F 2-2: Fly out, F6 (Popup, 6MS, EV 66.9 MPH)
|
Batting: SHB Jose Abreu
|
0-0: Ball 1-0: Foul Ball, location: 2F 1-1: Swinging Strike 1-2: Strikes out swinging
|
Top of the 7th over - 0 runs, 0 hits, 0 errors, 1 left on base; Canton 1 - Chester 2 |
BOTTOM OF THE 7TH |
Chester Pirates batting - Pitching for Canton Indians : RHP Kris Kringle
|
Now at SS: Manuel de los Santos
|
|
Batting: LHB Sean Driscoll
|
0-0: DOUBLE (Line Drive, 78XD, EV 105.0 MPH)
|
Batting: RHB Joe Stepnowski
|
0-0: Called Strike 0-1: Swinging Strike 0-2: Ball 1-2: Foul Ball, location: 2F 1-2: Ball 2-2: Ball 3-2: Strikes out swinging
|
Batting: RHB Zachery Loomis
|
0-0: Called Strike 0-1: Ball 1-1: Swinging Strike 1-2: Ball 2-2: Ball 3-2: Base on Balls
|
Batting: RHB Mike Weeks
|
0-0: Ball 1-0: Ball 2-0: Foul Ball, location: 2F 2-1: Grounds into double play, 4-6-3 (Groundball, 4, EV 88.1 MPH)
|
Bottom of the 7th over - 0 runs, 1 hit, 0 errors, 1 left on base; Canton 1 - Chester 2 |
TOP OF THE 8TH |
Canton Indians batting - Pitching for Chester Pirates : RHP Bill Gomez
|
Batting: RHB Cruz Castro
|
0-0: Swinging Strike 0-1: Called Strike 0-2: Ball 1-2: Ball 2-2: Ground out 6-3 (Groundball, 6, EV 79.4 MPH)
|
Batting: LHB Jason Kessler
|
0-0: Called Strike 0-1: Called Strike 0-2: Ball 1-2: Ball 2-2: Foul Ball, location: 2F 2-2: Ground out 4-3 (Groundball, 4D, EV 98.1 MPH)
|
Pitching: RHP Sung-jae Choo
|
|
Batting: RHB Rob Marti
|
0-0: Called Strike 0-1: Ball 1-1: Ground out 1-3 (Groundball, 13S, EV 68.8 MPH)
|
Top of the 8th over - 0 runs, 0 hits, 0 errors, 0 left on base; Canton 1 - Chester 2 |
BOTTOM OF THE 8TH |
Chester Pirates batting - Pitching for Canton Indians : RHP Kris Kringle
|
Pitching: LHP Sam Johnson
|
|
Batting: RHB Edwardo Tanchez
|
0-0: Called Strike 0-1: Foul Ball, location: 2F 0-2: Foul Ball, location: 2F 0-2: Foul Ball, location: 2F 0-2: Foul Ball, location: 2F 0-2: Ball 1-2: Ball 2-2: SOLO HOME RUN (Flyball, 9D, EV 96.2 MPH), Distance : 391 ft
|
Batting: RHB Zach Chmieleski
|
0-0: Ball 1-0: Ball 2-0: Swinging Strike 2-1: Foul Ball, location: 2F 2-2: Strikes out swinging
|
Batting: SHB Mike Corley
|
0-0: Ball 1-0: Swinging Strike 1-1: Ball 2-1: Foul Ball, location: 2F 2-2: Ball 3-2: Base on Balls
|
Batting: RHB Hugo Montemayor
|
0-0: Ball 1-0: Ball Mike Corley is caught stealing 2nd base 2-4 2-0: SINGLE (Line Drive, 5D, EV 104.4 MPH)
|
Batting: LHB Tommie Benefield
|
0-0: Ball 1-0: Foul Ball, location: 2F 1-1: Ball 2-1: Ball 3-1: Fly out, F9 (Line Drive, 9, EV 95.6 MPH)
|
Bottom of the 8th over - 1 run, 2 hits, 0 errors, 1 left on base; Canton 1 - Chester 3 |
TOP OF THE 9TH |
Canton Indians batting - Pitching for Chester Pirates : RHP Sung-jae Choo
|
Pitching: RHP Steve Kane
|
|
Batting: SHB Bob Ledlow
|
0-0: Called Strike 0-1: Ball 1-1: Called Strike 1-2: Strikes out looking
|
Pinch Hitting: RHB Jose Rodriguez
|
0-0: Ball 1-0: Called Strike 1-1: Ball 2-1: Foul Ball, location: 2F 2-2: Foul Ball, location: 2F 2-2: Foul Ball, location: 2F 2-2: Foul Ball, location: 2F 2-2: Ball 3-2: Foul Ball, location: 2F 3-2: Foul Ball, location: 2F 3-2: Fly out, F1 (Line Drive, P, EV 65.0 MPH)
|
Batting: RHB Pat Brandt
|
0-0: Foul Ball, location: 2F 0-1: Ball 1-1: Foul Ball, location: 2F 1-2: Strikes out swinging
|
Top of the 9th over - 0 runs, 0 hits, 0 errors, 0 left on base; Canton 1 - Chester 3 |
|